 Dungeon Crawl Stone Soup version 0.32-a0-872-g59262bdc9b (webtiles) character file.

Game seed: 12031145426110914584

9 601d51SH the Sneak (level 2, 0/26 HPs)
             Began as a Mountain Dwarf Delver on Mar 30, 2024.
             Slain by a phantom (1 damage)
             ... on level 4 of the Dungeon.
             The game lasted 00:00:39 (332 turns).

601d51SH the Sneak (Mountain Dwarf Delver)           Turns: 332, Time: 00:00:40

Health: 0/26       AC:  3    Str: 14    XL:     2   Next: 3%
Magic:  2/2        EV: 10    Int: 10    God:
Gold:   0          SH:  0    Dex: 11    Spells: 1/1 levels left

rFire   . . .        a - +0 mace
rCold   . . .        (no shield)
rNeg    . . .        b - +0 leather armour
rPois   .            (no helmet)
rElec   .            (no cloak)
rCorr   .            (no gloves)
SInv    .            (no boots)
Will    .....        (no amulet)
Stlth   ++           (no ring)
HPRegen 0.24/turn    (no ring)
MPRegen 0.08/turn

%: no passive effects
@: no status effects
A: runic magic, artefact enchanting
a: no special abilities


You were on level 4 of the Dungeon.
You visited 1 branch of the dungeon, and saw 2 of its levels.

Inventory:

Hand Weapons
 a - a +0 mace (weapon)
Armour
 b - a +0 leather armour (worn)
Wands
 g - a wand of digging (3)
Scrolls
 c - a scroll of fog
 d - a scroll of revelation
Potions
 f - a potion of haste


   Skills:
 + Level 3.3 Fighting
 + Level 2.4 Maces & Flails
 + Level 1.4 Dodging
 + Level 4.0 Stealth


You had one spell level left.
You didn't know any spells.
Your spell library contained the following spells:

 Spells                   Type           Power      Damage    Failure   Level
 Call Canine Familiar     Summ           0%         N/A       75%         3
 Sigil of Binding         Hex            0%         N/A       75%         3
 Dimensional Bullseye     Hex/Tloc       0%         N/A       98%         4


Dungeon Overview and Level Annotations

Branches:
Dungeon (5/15)
 Temple: D:4-7

Altars:


Innate Abilities, Weirdness & Mutations

Your spellcasting is much less encumbered by armour.
You can use scrolls of enchantment on lesser artefacts.


Message History

You start waiting.
Done waiting.
You start waiting.
Done waiting.
Found a leather armour.
An endoplasm comes into view.
A phantom comes into view.
The endoplasm quivers.
The phantom closely misses you. The endoplasm freezes you.
You are frozen.
You hit the endoplasm but do no damage. The phantom hits you!
The phantom blinks!
You blink.
You sock the phantom!
The phantom is moderately damaged.
The phantom hits you.
The phantom blinks!
You blink.
You barely miss the phantom.
The phantom is moderately damaged.
The phantom barely misses you.
You hit the phantom.
The phantom is heavily damaged.
The phantom closely misses you.
The endoplasm hits you but does no damage.
The phantom hits you.
The phantom blinks!
You blink.
You hit the phantom but do no damage.
The phantom is heavily damaged.
The phantom barely misses you. The endoplasm barely misses you.
You hit the phantom but do no damage.
The phantom is heavily damaged.
The phantom barely misses you. The endoplasm freezes you.
You are frozen.
You hit the phantom.
The phantom is heavily damaged.
The phantom hits you.
The phantom blinks!
You blink.
The phantom hits you!
* * * LOW HITPOINT WARNING * * *
You barely miss the phantom.
The phantom is heavily damaged.
The phantom hits you.
You die...

........#.#
#......#.#
#......#.#
#......#.#
#........#
#........#
#######..#
#####..######
#@...........
#W...........
#..J.........
####....[.......
#.......§.......
#.#.#..§.....###
#.#.#........#
#.#.##########
..#


You could see a phantom and an endoplasm.

Vanquished Creatures
  An adder (D:5)
1 creature vanquished.

Notes
Turn   | Place    | Note
-------+----------+-------------------------------------------
     0 | D:5      | 601d51SH the Mountain Dwarf Delver began the quest for the
                  | Orb.
     0 | D:5      | Reached XP level 1. HP: 19/19 MP: 1/1
     5 | D:5      | Noticed an iguana
    18 | D:5      | Reached skill level 4 in Stealth
    18 | D:5      | Reached XP level 2. HP: 2/26 MP: 2/2
   321 | D:4      | Noticed a phantom
   331 | D:4      | HP: 1/26 [phantom (7)]
   332 | D:4      | Slain by a phantom

Illustrated notes

Levels and vault maps discovered:
D:4:      layout_basic, nzn_wu_jian_council_hall, grunt_decor_fettered
D:5:      layout_loops_ring, kennysheep_generic_room_14, uniq_prince_ribbit1

Skill      XL: |  1 |
---------------+----+-----
Stealth        | 4 |  4.0
Fighting       | |  3.3
Maces & Flails | |  2.4
Dodging        | |  1.4

Action                     || total
---------------------------++-------
  Melee: Mace              ||    18
    Use: Scroll            ||     1
 Armour: Leather armour    ||    17
  Dodge: Dodged            ||    12

Table legend: (Time is in decaauts)
 A = Elapsed time spent in this place.
 B = Non-inter-level travel time spent in this place.
 C = Inter-level travel time spent in this place.
 D = Time resting spent in this place.
 E = Time spent auto-exploring this place.
 F = Levels seen in this place.
 G = Mean time per level.
                   A        B        C        D        E       F      G
               +--------+--------+--------+--------+--------+-----+--------+
         Total |    336 |    336 |      0 |    281 |      0 |   2 |  168.0 |
       Dungeon |    336 |    336 |      0 |    281 |      0 |   2 |  168.0 |
               +--------+--------+--------+--------+--------+-----+--------+

Top non-repeatable levels by time:
     D:4: 298 daAuts
     D:5: 37 daAuts
